 Dungeon Crawl Stone Soup version 0.21-a0-615-g8e08f28 (webtiles) character file.

74 zxpr0jk the Ducker (level 4, -6/30 HPs)
             Began as a Halfling Gladiator on Dec 22, 2017.
             Mangled by an ogre
             ... wielding a cursed -3 giant spiked club
              (22 damage)
             ... on level 2 of the Dungeon.
             The game lasted 00:01:50 (1044 turns).

zxpr0jk the Ducker (Halfling Gladiator)             Turns: 1044, Time: 00:01:51

Health: -6/30      AC:  4    Str: 16    XL:     4   Next: 52%
Magic:  4/4        EV: 16    Int:  6    God:
Gold:   131        SH:  0    Dex: 15    Spells: 3/3 levels left

rFire    . . .     SeeInvis .   a - +0 long sword
rCold    . . .     Gourm    .   (shield restricted)
rNeg     . . .     Faith    .   b - +0 leather armour
rPois    .         Spirit   .   c - +0 helmet
rElec    .         Reflect  .   (no cloak)
rCorr    .         Harm     .   (no gloves)
MR       .....                  (no boots)
Stlth    +.........             (no amulet)
HPRegen  0.10/turn              (no ring)
MPRegen  0.09/turn              (no ring)

@: no status effects
A: small, mutation resistance 1
a: no special abilities


You were on level 2 of the Dungeon.
You were not hungry.

You visited 1 branch of the dungeon, and saw 2 of its levels.

You collected 131 gold pieces.

Inventory:

Hand Weapons
 a - a +0 long sword (weapon)
Missiles
 d - 3 throwing nets (quivered)
Armour
 b - a +0 leather armour (worn)
 c - a +0 helmet (worn)
Scrolls
 h - 2 scrolls of random uselessness {unknown}
 i - a scroll of magic mapping {unknown}
 j - 2 scrolls of blinking {unknown}
 l - a scroll of enchant armour {unknown}
 n - a scroll of enchant weapon {unknown}
Potions
 e - 2 potions of berserk rage {unknown}
 g - a potion of lignification {unknown}
 k - a potion of heal wounds {unknown}
 m - 2 potions of ambrosia {unknown}
Comestibles
 f - 3 rations


   Skills:
 + Level 2.3 Fighting
 * Level 3.9 Long Blades
 - Level 2.0 Throwing
 * Level 4.3 Dodging


You had 3 spell levels left.
You didn't know any spells.

Dungeon Overview and Level Annotations

Branches:
Dungeon (2/15)

Altars:


Innate Abilities, Weirdness & Mutations

You are small and have problems with some larger weapons.
You are somewhat resistant to further mutation.


Message History

This raw flesh tastes terrible.
An ogre comes into view. It is wielding a giant spiked club.
The ogre moves out of view.
No target in view!
The ogre barely misses you.
You riposte.
You hit the ogre but do no damage.
Found 22 stones.
You hit the ogre.
The ogre is lightly wounded.
The ogre hits you with a giant spiked club!
You barely miss the ogre.
The ogre is lightly wounded.
The ogre misses you.
You riposte.
You slash the ogre!
The ogre is moderately wounded.
You hit the ogre but do no damage.
The ogre is moderately wounded.
You closely miss the ogre.
The ogre is moderately wounded.
The ogre hits you with a giant spiked club!!
Ouch! That really hurt!
You die...

#.......#
##......#.......#
#.##.##.#
########.......# #.
#.##.# ## #.##.#..# ..
#..... (# ####
#.##.#..# #.##.#
.#..... #.##..#.#
#..#.# .#... #.##.###.
#..#.. ... #.....#.#
#..####.# ... ######.##
#.....@O# .>.#######.#
##.##..............##.#
#.##.#######..###†##.#
#.##.# #..#......#
#.##.##### #..#.#.####
#........# #......#
####.###.###.##.### #.#
#........# ###
#####.####


You could see an ogre.

Vanquished Creatures
  Jessica (D:2)
  An adder (D:2)
  An ooze (D:2)
  A worm (D:2)
  A leopard gecko (D:1)
  A giant cockroach (D:2)
  6 goblins
  3 hobgoblins (D:1)
  4 kobolds (D:1)
  A quokka (D:2)
  4 bats
  2 frilled lizards
  3 rats (D:1)
  A fungus (D:1)
30 creatures vanquished.

Notes
Turn   | Place    | Note
-------+----------+-------------------------------------------
     0 | D:1      | zxpr0jk the Halfling Gladiator began the quest for the Orb.
     0 | D:1      | Reached XP level 1. HP: 14/14 MP: 1/1
    70 | D:1      | Reached XP level 2. HP: 19/19 MP: 2/2
   401 | D:1      | Reached XP level 3. HP: 24/24 MP: 3/3
   927 | D:2      | Reached skill level 4 in Dodging
   968 | D:2      | Noticed Jessica
   977 | D:2      | Killed Jessica
   977 | D:2      | Reached XP level 4. HP: 28/30 MP: 4/4
  1037 | D:2      | Noticed an ogre
  1044 | D:2      | Mangled by an ogre

Vault maps used:
D:1:      matt_arrival_spirals, minmay_gold_behind_fungi
D:2:      marbit_many_paths, uniq_jessica, uniq_crazy_yiuf_cottage, uniq_robin,
          uniq_terence

Skill      XL: |  1  2  3 |
---------------+----------+-----
Fighting       | 2 |  2.3
Dodging        | 4 |  4.3
Long Blades    | |  3.9
Throwing       | |  2.0

Action                   |  1- 3 |  4- 6 || total
-------------------------+-------+-------++-------
Melee: Long sword        |    64 |     7 ||    71
 Stab: Sleeping          |     1 |       ||     1
  Eat: Chunk             |       |     1 ||     1
Armor: Leather armour    |     7 |     1 ||     8
Dodge: Dodged            |    41 |     3 ||    44
       Rpst.: Long sword |    24 |     3 ||    27

Table legend:
 A = Spawn XP
 B = Non-spawn XP
 C = Spawn XP percentage of total XP
 D = Spawn monster count
 E = Non-spawn monster count
 F = Spawn count percentage of total count
 G = Total turns spent on level
                    A         B        C        D         E        F      G
               +---------+---------+-------+---------+---------+-------+---------
         Total |       0 |     106 |   0.0 |       0 |      29 |   0.0 |  1044
               +---------+---------+-------+---------+---------+-------+---------
           D:1 |       0 |      35 |   0.0 |       0 |      20 |   0.0 |   868
           D:2 |       0 |      71 |   0.0 |       0 |       9 |   0.0 |   176
               +---------+---------+-------+---------+---------+-------+---------
